 Dungeon Crawl Stone Soup version 0.31-a0-949-g57150269e1 (webtiles) character file.

Game seed: 15750603697646329723

46 CowFu the Changeling (level 3, 0/28 HPs)
             Began as a Draconian Shapeshifter on Oct 22, 2023.
             Slain by a gnoll
             ... wielding a +0 flail
              (6 damage)
             ... on level 2 of the Dungeon.
             The game lasted 00:01:47 (1826 turns).

CowFu the Changeling (Draconian Shapeshifter)       Turns: 1826, Time: 00:01:48

Health: 0/28       AC:  5    Str: 23    XL:     3   Next: 46%
Magic:  3/3        EV: 12    Int: 16    God:
Gold:   83         SH:  0    Dex: 13    Spells: 2/2 levels left

rFire   . . .        h - +2 short sword (venom)
rCold   . . .        (no shield)
rNeg    + . .        (body armour unavailable)
rPois   .            (helmet currently unavailable)
rElec   .            (cloak currently unavailable)
rCorr   +            (gloves currently unavailable)
SInv    .            (boots currently unavailable)
Will    .....        (no amulet)
Stlth   +            k - ring of Qicaqakk {rCorr Str+5 Int+6 Dex+3}
HPRegen 0.24/turn    m - ring of positive energy
MPRegen 0.08/turn

%: no passive effects
@: beast-form
A: beast (slay +2), AC +5, unfitting armour, cold-blooded
a: Begin Untransformation


You were on level 2 of the Dungeon.
You were a hulking beast.
You visited 1 branch of the dungeon, and saw 2 of its levels.

You collected 83 gold pieces.

Inventory:

Hand Weapons
 h - a +2 short sword of venom (weapon)
Armour
 f - a +0 cloak
Jewellery
 k - the ring of Qicaqakk (left hand) {rCorr Str+5 Int+6 Dex+3}
   (You found it on level 2 of the Dungeon)

   [ring of intelligence]

   Str+5:     It affects your strength (+5).
   Int+6:     It affects your intelligence (+6).
   Dex+3:     It affects your dexterity (+3).
   rCorr:     It protects you from acid and corrosion.
 m - a ring of positive energy (right hand)
 p - a +4 ring of protection
Talismans
 b - a beast talisman (active)
 c - a flux talisman
Scrolls
 e - 2 scrolls of identify {unknown}
 g - 2 scrolls of fear {unknown}
 l - a scroll of immolation {unknown}
 o - a scroll of acquirement {unknown}
Potions
 a - a potion of lignification
 d - 3 potions of might {unknown}
 i - a potion of mutation {unknown}
 j - a potion of heal wounds {unknown}
 n - a potion of curing {unknown}


   Skills:
 - Level 1.1 Fighting
 - Level 1.7 Dodging
 - Level 3.0 Unarmed Combat
 + Level 4.3 Shapeshifting


You had 2 spell levels left.
You didn't know any spells.
Your spell library contained the following spells:

 Spells                   Type           Power      Damage    Failure   Level
 Lesser Beckoning         Tloc           0%         N/A       36%         2
 Gell's Gravitas          Tloc           0%         N/A       58%         3
 Teleport Other           Tloc           0%         N/A       58%         3


Dungeon Overview and Level Annotations

Branches:
Dungeon (2/15)

Altars:


Innate Abilities, Weirdness & Mutations

You are a hulking beast.
Your limbs bulge with bestial killing power. (Slay +2)
Your plain brown scales are hard. (AC +5)
You cannot fit into any form of body armour.
You are cold-blooded and may be slowed by cold attacks.


Message History

You kill the goblin!
o - a scroll labelled QOKIMA EN XIEF No target in view!
You now have 83 gold pieces (gained 15).
A goblin comes into view. It is wielding a +0 club.
A goblin is nearby!
A goblin is nearby!
The helpless goblin fails to defend itself.
You hit the goblin.
You kill the goblin!
Key pressed, stopping explore.
No target in view!
Key pressed, stopping explore.
No target in view!
Key pressed, stopping explore.
No target in view!
Key pressed, stopping explore.
No target in view!
p - a +4 ring of protection No target in view!
Key pressed, stopping explore.
No target in view!
Key pressed, stopping explore.
No target in view!
You see here a giant cockroach corpse.
Key pressed, stopping explore.
No target in view!
A gnoll comes into view. It is wielding a +0 spear.
A gnoll comes into view. It is wielding a +0 flail.
There are monsters nearby! 2 gnolls come into view.
The gnoll shouts! x4
The gnoll hits you from afar with a +0 halberd.
There are monsters nearby!
The gnoll hits you with a +0 halberd! The gnoll hits you with a +0 flail.
* * * LOW HITPOINT WARNING * * *
The gnoll barely misses you. The gnoll barely misses you.
The gnoll attacks as it pursues you! The gnoll hits you with a +0 flail.
You die...

#...........#..#..........#
#.########.........)......#
#.# #.##..#..........# #.#
#.##..#..######### #.#
#.##(.#..# #.# #.....#..#
#.# #####.#..########
#.############.#.........#
#.........h....##.######'##
###########gg.###.# #....
......gg..# #.# #....
..........# #.# #....
........### #.# #....
........# #.# ##...
........# #.# ####
........# ........#


You could see 3 gnolls.

Vanquished Creatures
  5 bats
  4 endoplasms
  2 giant cockroaches (D:2)
  4 goblins
  4 hobgoblins
  3 jackals (D:1)
  2 quokkas (D:1)
  5 ball pythons
  A frilled lizard (D:1)
  9 kobolds
  4 rats
43 creatures vanquished.

Notes
Turn   | Place    | Note
-------+----------+-------------------------------------------
     0 | D:1      | CowFu the Draconian Shapeshifter began the quest for the
                  | Orb.
     0 | D:1      | Reached XP level 1. HP: 16/16 MP: 1/1
   158 | D:1      | Reached XP level 2. HP: 12/23 MP: 2/2
   844 | D:1      | Reached skill level 4 in Shapeshifting
   850 | D:1      | Reached XP level 3. HP: 20/28 MP: 3/3
  1460 | D:2      | Identified the ring of Qicaqakk {rCorr Str+5 Int+6 Dex+3}
  1826 | D:2      | Slain by a gnoll

Illustrated notes

Levels and vault maps discovered:
D:1:      lightli_arrival_quake, layout_basic, chequers_serial_rivers_small_b,
          minmay_tromino_mix6
D:2:      layout_basic, minmay_goblin_outpost

Skill      XL: |  1  2 |
---------------+-------+-----
Shapeshifting  | 4 |  4.3
Fighting       | |  1.1
Dodging        | |  1.7
Unarmed Combat | |  3.0

Action                     || total
---------------------------++-------
  Melee: Unarmed           ||    99
         Tailslap          ||    13
         Short sword       ||    17
   Stab: Sleeping          ||     2
 Armour: Skin              ||    85
  Dodge: Dodged            ||    75

Table legend: (Time is in decaauts)
 A = Elapsed time spent in this place.
 B = Non-inter-level travel time spent in this place.
 C = Inter-level travel time spent in this place.
 D = Time resting spent in this place.
 E = Time spent auto-exploring this place.
 F = Levels seen in this place.
 G = Mean time per level.
                   A        B        C        D        E       F      G
               +--------+--------+--------+--------+--------+-----+--------+
         Total |   1818 |   1708 |    110 |    102 |   1335 |   2 |  909.0 |
       Dungeon |   1818 |   1708 |    110 |    102 |   1335 |   2 |  909.0 |
               +--------+--------+--------+--------+--------+-----+--------+

Top non-repeatable levels by time:
     D:1: 1209 daAuts
     D:2: 608 daAuts
